 Dungeon Crawl Stone Soup version 0.32-a0-485-g70f7560b1c (webtiles) character file.

Game seed: 16450124611549639970

16260 caek the Fighter (level 12, 0/100 HPs)
             Began as a Coglin Chaos Knight on Feb 26, 2024.
             Was a High Priest of Okawaru.
             Slain by Amaemon
             ... wielding a -2 demon whip of venom
              (5 damage)
             ... on level 1 of the Lair of Beasts on Feb 27, 2024.
             The game lasted 00:35:33 (14386 turns).

caek the Fighter (Coglin Chaos Knight)             Turns: 14386, Time: 00:35:34

Health: 0/100      AC: 11    Str: 17    XL:     12   Next: 35%
Magic:  14/16      EV: 16    Int: 13    God:    Okawaru [*****.]
Gold:   2087       SH:  0    Dex: 13    Spells: 11/11 levels left

rFire   . . .        a - +2 morningstar (freeze) {Sukanya}
rCold   . . .        d - +6 war axe (freeze) {Plamen}
rNeg    . . .        M - +0 acid dragon scales
rPois   .            (no helmet)
rElec   .            g - scarf {+Inv}
rCorr   +            P - +0 pair of gloves
SInv    .            k - +0 pair of boots
Will    .....        v - amulet of magic regeneration
Stlth   ++           (ring unavailable)
HPRegen 0.36/turn    (ring unavailable)
MPRegen 0.55/turn

%: no passive effects
@: lethally poisoned (0 -> -42), heroic, weakened, revved
A: off-hand wielding, slow wielding, warmup strikes, no rings, iridescent scales
1, deformed body, noise suppression
a: Renounce Religion, Evoke Invisibility, Heroism, Finesse, Duel


You were on level 1 of the Lair of Beasts.
You worshipped Okawaru.
Okawaru was extremely pleased with you.
You visited 3 branches of the dungeon, and saw 14 of its levels.
You also visited: Ossuary.

You collected 2176 gold pieces.
You spent 89 gold pieces at shops.

Inventory:

Hand Weapons
 a - a +2 morningstar of freezing (weapon) {Sukanya}
 d - a +6 war axe of freezing (offhand) {Plamen}
Missiles
 H - 4 javelins (quivered)
Armour
 c - a +0 cloak
 g - a scarf of invisibility (worn)
 k - a +0 pair of boots (worn)
 r - a +3 plate armour
 M - +0 acid dragon scales (worn)
 P - a +0 pair of gloves (worn)
Jewellery
 v - an amulet of magic regeneration (around neck)
Wands
 m - a wand of flame (65)
 A - a wand of roots (11)
 F - a wand of digging (9)
 G - a wand of mindburst (11)
 I - a wand of light (4)
 J - a wand of polymorph (7)
 K - a wand of paralysis (7)
Scrolls
 b - a scroll of brand weapon
 i - 3 scrolls of poison
 j - a scroll of enchant weapon
 n - 3 scrolls of teleportation
 s - 2 scrolls of silence
 x - 2 scrolls of noise
 y - 3 scrolls of torment
 z - 3 scrolls of blinking
 C - 2 scrolls of vulnerability
 L - 3 scrolls of enchant armour
 N - a scroll of fear
 Q - a scroll of immolation
Potions
 e - 7 potions of lignification
 f - 2 potions of haste
 h - 9 potions of curing
 o - a potion of ambrosia
 p - 2 potions of invisibility
 t - a potion of might {unknown}
 u - a potion of brilliance {unknown}
 w - 4 potions of degeneration
 B - a potion of enlightenment {unknown}
 D - a potion of magic {unknown}
 E - 2 potions of heal wounds
 O - 2 potions of attraction {unknown}


   Skills:
 + Level 11.4(16.4) Fighting
 - Level 9.0(14.9) Axes
 + Level 5.7(12.8) Maces & Flails
 + Level 6.9(11.9) Armour
 + Level 6.6(11.6) Dodging
 + Level 6.4 Invocations


You had 11 spell levels left.
You didn't know any spells.
Your spell library contained the following spells:

 Spells                   Type           Power      Damage    Failure   Level
 Apportation              Tloc           0%         N/A       36%         1
 Magic Dart               Conj           0%         1d3       36%         1
 Sting                    Conj/Alch      0%         1d3       36%         1
 Jinxbite                 Hex            0%         N/A       50%         2
 Lesser Beckoning         Tloc           0%         N/A       50%         2
 Mercury Vapours          Alch/Air       0%         N/A       50%         2
 Searing Ray              Conj           0%         2d4       50%         2
 Gell's Gravitas          Tloc           0%         N/A       75%         3
 Hailstorm                Conj/Ice       0%         3d5       75%         3
 Sigil of Binding         Hex            0%         N/A       75%         3
 Teleport Other           Tloc           0%         N/A       75%         3
 Dimensional Bullseye     Hex/Tloc       0%         N/A       98%         4
 Fulminant Prism          Conj/Alch      0%         3d5       98%         4
 Ignite Poison            Fire/Alch      0%         N/A       98%         4
 Olgreb's Toxic Radiance  Alch           0%         N/A       98%         4
 Sticky Flame             Fire/Alch      0%         2d4       98%         4
 Vhi's Electric Charge    Tloc/Air       0%         N/A       98%         4
 Alistair's Intoxication  Alch           0%         N/A       100%        5
 Arcjolt                  Conj/Air       0%         1d10      100%        5
 Ignition                 Fire           0%         3d3       100%        8
 Maxwell's Capacitive Co  Air            0%         ∞         100%        8
 Call Canine Familiar     Summ           Unusable   N/A       N/A         3
 Summon Ice Beast         Ice/Summ       Unusable   N/A       N/A         3
 Sculpt Simulacrum        Ice/Alch       Unusable   N/A       N/A         6

Dungeon Overview and Level Annotations

Branches:
Dungeon (12/15)            Temple (1/1) D:6            Lair (1/5) D:9
    Orc (0/2) D:10        Ossuary (visited)

Altars:
Ashenzari
Dithmenos
Elyvilon
Fedhas
Gozag
Hepliaklqana
Kikubaaqudgha
Makhleb
Nemelex Xobeh
Okawaru
Qazlal
Ru
Sif Muna
Trog
Uskayaw
Vehumet
Wu Jian
Xom
Yredelemnul
Zin
The Shining One
Beogh

Shops:
D:2 !**?[   D:5 [

Portals:
Ice
Cave: Lair:1
Gauntlet: Lair:1

Annotations:
D:3 2 runed translucent doors, Splishie's ghost, amateur GnWn
D:4 3 runed translucent doors, jamsaran's ghost, amateur DgAl
D:5 Pikel
D:7 Jeremiah
D:9 2 transporters, exclusion: ice statue, occam's ghost, journeyman GrFi
Lair:1 Amaemon


Innate Abilities, Weirdness & Mutations

You can wield a second weapon in your off-hand.
It takes a long time for you to wield or remove held weapons.
Your first few attacks do less damage.
Your grasper-arms cannot wear rings.
You are partially covered in iridescent scales. (AC +2)
Armour fits poorly on your strangely shaped body.
You passively dampen the noise of your surroundings.


Message History

You closely miss Amaemon with your +2 morningstar of freezing.
You feel extremely sick.
Amaemon's eyes glow red.
Amaemon misses you. Amaemon completely misses you. Amaemon barely misses you.
The orange demon barely misses you. The orange demon hits you.
You feel your attacks grow feeble.
You barely miss Amaemon with your +2 morningstar of freezing.
Amaemon is moderately wounded.
You slash Amaemon with your +6 war axe of freezing!
You freeze Amaemon.
You barely miss the orange demon with your +6 war axe of freezing.
You feel very sick.
Amaemon hits you with a -2 demon whip of venom.
You are more poisoned.
Amaemon completely misses you.
Amaemon tail-slaps you but does no damage.
The orange demon closely misses you. The orange demon hits you.
You feel as though you will be weak longer.
You barely miss Amaemon with your +2 morningstar of freezing.
Amaemon is moderately wounded.
You slash Amaemon with your +6 war axe of freezing!
You freeze Amaemon.
You hit the orange demon with your +6 war axe of freezing.
You freeze the orange demon.
You feel extremely sick. Amaemon misses you. Amaemon closely misses you. x2
The orange demon stings you!
* * * LOW HITPOINT WARNING * * *
You are more poisoned.
The orange demon poisons you! The orange demon hits you.
* * * LOW HITPOINT WARNING * * *
You gain the combat prowess of a mighty hero.
* * * LOW HITPOINT WARNING * * *
You feel extremely sick.
Amaemon hisses.
Amaemon hits you with a -2 demon whip of venom.
* * * LOW HITPOINT WARNING * * *
You are more poisoned.
Amaemon claws you.
You die...

#.#..###########
#.#..#....##P#.##
#...............
#...........∩..#
##.P##....#.#..##
######....##...#
####..##..#
##..#6.#.#
##.@4s..#
#####......
...... .....
....# §§#. ≈§§


You could see Amaemon, an orange demon and a scorpion (summoned).

Vanquished Creatures
  A boulder beetle (D:11)
  Maurice (D:7)
  A manticore (D:11)
  2 cyclopes (D:11)
  An elephant (D:9)
  A cane toad (Lair:1)
  3 kobold demonologists (D:9)
  Psyche (D:8)
  A komodo dragon (D:9)
  2 hornets
  2 trolls (D:11)
  A queen bee (D:6)
  The ghost of ezpacito the Trooper, an amateur DsCK of Xom (D:7)
  18 yaks
  Eustachio (D:4)
  3 wyverns
  4 wraiths
  A shadow (D:6)
  4 vampire mosquitoes (D:11)
  3 steam dragons (D:7)
  Menkaure (D:7)
  3 acid dragons
  5 water moccasins
  2 hornet zombies (D:7)
  3 black bears
  4 orc warriors
  A sky beast (D:7)
  2 ice beasts (D:7)
  An ogre (D:3)
  5 centaurs
  2 phantoms
  A gnoll sergeant (D:8)
  6 kobold brigands
  3 wyvern zombies (D:7)
  7 bullfrogs
  6 scorpions
  10 wights
  5 killer bees (D:10)
  6 jellies
  A crimson imp (D:4)
  2 bullfrog zombies (D:7)
  A centaur zombie (D:7)
  2 centaur skeletons (Ossuary)
  An orc priest (D:10)
  6 hounds
  Crazy Yiuf (D:5)
  4 gnoll boudas
  A sleepcap (D:7)
  3 iguanas
  4 orc wizards
  A killer bee zombie (D:7)
  A crocodile zombie (Ossuary)
  9 mummies (Ossuary)
  22 gnolls
  9 adders
  A white imp (D:4)
  4 ufetubi
  12 dart slugs
  3 ribbon worms
  47 orcs
  3 endoplasms
  3 giant cockroaches (D:1)
  9 hobgoblins
  A jackal (D:4)
  22 kobolds
  3 quokkas
  8 ball pythons
  2 bats (D:1)
  3 gnoll skeletons (Ossuary)
  4 goblins
  A kobold skeleton (Ossuary)
  2 orc skeletons (Ossuary)
  3 rats (D:1)
  10 spectral rats (Ossuary)
334 creatures vanquished.

Vanquished Creatures (collateral kills)
  A dart slug (D:5)
1 creature vanquished.

Grand Total: 335 creatures vanquished

Notes
Turn   | Place    | Note
-------+----------+-------------------------------------------
     0 | D:1      | caek the Coglin Chaos Knight began the quest for the Orb.
     0 | D:1      | Reached XP level 1. HP: 18/18 MP: 1/1
    46 | D:1      | Reached XP level 2. HP: 24/24 MP: 2/2
   367 | D:1      | Reached XP level 3. HP: 28/29 MP: 3/3
   787 | D:2      | Found Dimutife's Magic Scroll Boutique.
   796 | D:2      | Bought a scroll of teleportation for 39 gold pieces
   810 | D:2      | Found Obichi's Assorted Antiques.
   855 | D:2      | Found Duacleock's Assorted Antiques.
   913 | D:2      | XOM: divination: detect items
   918 | D:2      | Reached XP level 4. HP: 34/37 MP: 4/4
   960 | D:2      | Found Bevvucud's Armour Shoppe.
  1027 | D:2      | XOM: silly message
  1153 | D:2      | Found Geomyac's Distillery.
  1161 | D:2      | Bought a potion of heal wounds for 50 gold pieces
  1216 | D:3      | Reached skill level 4 in Fighting
  1225 | D:3      | Noticed an ogre
  1235 | D:3      | XOM: butterfly on damage
  1235 | D:3      | Killed an ogre
  1236 | D:3      | Reached XP level 5. HP: 22/43 MP: 5/5
  1441 | D:3      | Found a burning altar of Makhleb.
  1542 | D:3      | Found a glowing golden altar of the Shining One.
  1725 | D:3      | Found a large runed translucent door.
  1725 | D:3      | Found a large runed translucent door.
  1726 | D:3      | Noticed Splishie's ghost (amateur GnWn)
  1851 | D:4      | XOM: noise
  1873 | D:4      | Found a runed translucent gate.
  1873 | D:4      | Found a runed translucent gate.
  1873 | D:4      | Found a runed translucent gate.
  1882 | D:4      | XOM: confusion (+ monsters)
  1895 | D:4      | XOM: potion effect (heal wounds)
  1898 | D:4      | Reached skill level 5 in Fighting
  1898 | D:4      | Reached skill level 5 in Axes
  1899 | D:4      | Noticed jamsaran's ghost (amateur DgAl)
  1903 | D:4      | Reached XP level 6. HP: 20/51 MP: 6/6
  1913 | D:4      | XOM: 4-stop teleportation journey
  1930 | D:4      | XOM: enchant monster (bad)
  2698 | D:4      | Noticed Eustachio
  2706 | D:4      | Killed Eustachio
  2707 | D:4      | Reached skill level 6 in Fighting
  2707 | D:4      | Reached XP level 7. HP: 58/58 MP: 7/7
  3210 | D:5      | Entered Level 5 of the Dungeon
  3324 | D:5      | Found a runed translucent door.
  3325 | D:5      | Noticed Crazy Yiuf
  3350 | D:5      | XOM: summons friendly crimson imp
  3534 | D:5      | Found Zimirphy's Armour Shoppe.
  3686 | D:5      | Reached XP level 8. HP: 54/65 MP: 8/8
  3978 | D:5      | Reached skill level 7 in Fighting
  4182 | D:4      | Gained mutation: You sometimes lose your temper in combat.
                  | [potion of mutation]
  4182 | D:4      | Gained mutation: You occasionally shout uncontrollably at
                  | your foes. [potion of mutation]
  4182 | D:4      | Gained mutation: You are strong-willed. (Will+) [potion of
                  | mutation]
  4182 | D:4      | Gained mutation: You are robust. (+10% HP) [potion of
                  | mutation]
  4183 | D:4      | Lost mutation: You sometimes lose your temper in combat.
                  | [potion of mutation]
  4183 | D:4      | Lost mutation: You occasionally shout uncontrollably at
                  | your foes. [potion of mutation]
  4183 | D:4      | Lost mutation: You are strong-willed. (Will+) [potion of
                  | mutation]
  4183 | D:4      | Gained mutation: You are partially covered in iridescent
                  | scales. (AC +2) [potion of mutation]
  4215 | D:5      | XOM: polymorph gnoll -> water moccasin
  4219 | D:5      | XOM: chaos cloud
  4418 | D:5      | XOM: repel stairs
  4514 | D:5      | Reached skill level 8 in Fighting
  4554 | D:5      | Noticed Pikel
  4562 | D:5      | XOM: potion effect (brilliance)
  4633 | D:5      | Killed Crazy Yiuf
  4734 | D:5      | XOM: confusion
  4843 | D:6      | Found a staircase to the Ecumenical Temple.
  4853 | Temple   | Entered the Ecumenical Temple
  4868 | Temple   | Fell from the grace of Xom
  4868 | Temple   | Became a worshipper of Warmaster Okawaru
  4938 | D:6      | Reached XP level 9. HP: 82/82 MP: 9/9
  4959 | D:6      | Found a sand-covered staircase.
  4965 | Ossuary  | Entered an ossuary
  5143 | Ossuary  | Reached skill level 1 in Invocations
  5571 | D:6      | XOM: enchant monster (bad)
  5798 | D:6      | Reached * piety under Okawaru
  5888 | D:6      | an iguana changed into a queen bee
  5888 | D:6      | Noticed a queen bee
  5888 | D:6      | XOM: polymorph iguana -> queen bee
  5895 | D:6      | Killed a queen bee
  5896 | D:6      | Reached skill level 9 in Fighting
  5896 | D:6      | Reached skill level 1 in Dodging
  6743 | D:7      | Noticed Menkaure
  6749 | D:7      | Killed Menkaure
  6934 | D:7      | Found a radiant altar of Vehumet.
  6934 | D:7      | Found a broken altar of Ashenzari.
  7016 | D:7      | Reached ** piety under Okawaru
  7027 | D:7      | Reached XP level 10. HP: 56/91 MP: 12/12
  7144 | D:7      | Noticed Jeremiah
  7149 | D:7      | Noticed Maurice
  7152 | D:7      | Maurice stole a throwing net
  7158 | D:7      | Found a blossoming altar of Fedhas.
  7444 | D:7      | Reached skill level 1 in Maces & Flails
  7595 | D:7      | Maurice stole a +2 morningstar {Jasleen}
  7599 | D:7      | Something stole 225 gold
  7687 | D:7      | Maurice stole 104 gold
  7696 | D:7      | Killed Maurice
  8130 | D:7      | Found a runed translucent gate.
  8130 | D:7      | Found a runed translucent gate.
  8130 | D:7      | Found a runed translucent gate.
  8133 | D:7      | Noticed ezpacito's ghost (amateur DsCK)
  8145 | D:7      | Killed ezpacito's ghost
  8145 | D:7      | Reached *** piety under Okawaru
  8285 | D:7      | Reached skill level 10 in Fighting
  8287 | D:7      | Found a hazy altar of Hepliaklqana.
  8588 | D:8      | Paralysed by a hornet for 3 turns
  8604 | D:8      | Reached **** piety under Okawaru
  8609 | D:8      | Reached skill level 5 in Armour
  8609 | D:8      | Reached XP level 11. HP: 35/100 MP: 14/14
  8625 | D:8      | Noticed Psyche
  8625 | D:8      | XOM: 1-stop teleportation journey
  9025 | D:8      | Killed Psyche
  9241 | D:8      | Reached skill level 5 in Invocations
  9358 | D:8      | XOM: enchant monster (bad)
  9708 | D:7      | Found a hazy altar of Hepliaklqana.
  9708 | D:7      | XOM: divination: detect items
 10098 | D:8      | Reached skill level 5 in Dodging
 10336 | D:8      | Found a sparkling altar of Nemelex Xobeh.
 10688 | D:9      | XOM: 2-stop teleportation journey
 10696 | D:9      | XOM: cloud trail
 10915 | D:9      | Noticed a soul eater
 10918 | D:9      | Reached ***** piety under Okawaru
 11007 | D:9      | Found a transporter.
 11010 | D:9      | Found a transporter.
 11015 | D:9      | Noticed occam's ghost (journeyman GrFi)
 11015 | D:9      | Noticed a cyclops
 11161 | D:9      | Found a staircase to the Lair.
 11438 | D:10     | Entered Level 10 of the Dungeon
 11558 | D:10     | Received a gift from Okawaru
 11814 | D:10     | Found a roughly hewn altar of Beogh.
 11939 | D:10     | Reached skill level 11 in Fighting
 12106 | D:10     | Found a staircase to the Orcish Mines.
 12213 | D:10     | Reached skill level 5 in Maces & Flails
 12374 | D:10     | Reached XP level 12. HP: 107/110 MP: 16/16
 12499 | D:11     | Noticed a boulder beetle
 12510 | D:11     | Killed a boulder beetle
 12510 | D:11     | Received a gift from Okawaru
 12538 | D:11     | XOM: god gift: scroll labelled VISSAEG YLUAZ {god gift}
 12582 | D:11     | XOM: give mutations
 12582 | D:11     | Gained mutation: Your muscles are strong. (Str +4, Int/Dex
                  | -1) [Xom's grace]
 12582 | D:11     | Gained mutation: Your mind is acute. (Int +4, Str/Dex -1)
                  | [Xom's grace]
 12897 | D:11     | XOM: confusion
 13048 | D:11     | XOM: 1-stop teleportation journey
 13491 | D:11     | XOM: summons 9 hostile demons
 13853 | D:11     | XOM: noise
 14106 | D:11     | Identified a scroll of acquirement
 14111 | D:11     | Acquired 987 gold pieces
 14121 | D:12     | XOM: noise
 14121 | D:12     | Noticed a boulder beetle
 14208 | Lair:1   | Entered Level 1 of the Lair of Beasts
 14262 | Lair:1   | XOM: give mutations
 14262 | Lair:1   | Gained mutation: You have hidden genetic potential. [Xom's
                  | mischief]
 14262 | Lair:1   | Lost mutation: You are robust. (+10% HP) [Xom's mischief]
 14262 | Lair:1   | Lost mutation: Your mind is acute. (Int +4, Str/Dex -1)
                  | [Xom's mischief]
 14262 | Lair:1   | Gained mutation: Armour fits poorly on your strangely
                  | shaped body. [Xom's mischief]
 14262 | Lair:1   | Was forgiven by Xom
 14263 | Lair:1   | Lost mutation: Your muscles are strong. (Str +4, Int/Dex
                  | -1) [potion of mutation]
 14263 | Lair:1   | Lost mutation: You have hidden genetic potential. [potion
                  | of mutation]
 14263 | Lair:1   | Gained mutation: You passively dampen the noise of your
                  | surroundings. [potion of mutation]
 14330 | Lair:1   | Found a frozen archway.
 14353 | Lair:1   | Found a gate leading to a gauntlet.
 14377 | Lair:1   | Noticed Amaemon
 14386 | Lair:1   | HP: 5/100 [Amaemon/-2 demon whip of venom (6)]
 14386 | Lair:1   | Slain by Amaemon

Illustrated notes

Levels and vault maps discovered:
D:1:      tarquinn_simple_flora_water_c, layout_basic, minmay_gold_behind_fungi,
          nicolae_the_louvre
D:2:      layout_rooms, serial_shops, nicolae_shop_peninsula, shop_statue,
          nicolae_shop_waterfront, shop, shop
D:3:      layout_basic, mainiacjoe_overflow_chevrons, tso_metal_star,
          ebering_ghost_disaster_area
D:4:      layout_basic, ebering_ghost_rock_garden, small_statue_alley_b,
          st_stairs_13, minmay_fire_ice_demons, uniq_eustachio
D:5:      kennysheep_slugbush, layout_basic, cheibrodos_worm_habitat,
          serial_shops, nicolae_shop_statue_plus,
          serial_library_hellmonk_double_dead_end, uniq_pikel,
          uniq_crazy_yiuf_cottage
D:6:      layout_loops_corners, minmay_temple_entry_ruins,
          nicolae_ossuary_entry_plus
D:7:      cheibrodos_steamvent, layout_cave_pools,
          lemuel_coloured_pillars_altar, mainiacjoe_overflow_alcove_1,
          gammafunk_temple_overflow_statue, ebering_ghost_rock_garden,
          serial_undead, serial_undead_b, serial_undead_a, serial_undead_d,
          serial_undead_c, serial_undead_f, serial_undead_d,
          minmay_ruined_shrine, uniq_maurice, uniq_menkaure, uniq_jeremiah
D:8:      minmay_the_grid_square_5x5_3x3
          [minmay_the_grid_square_5x5_broken_cross,
          minmay_the_grid_square_5x5_spiral_small,
          minmay_the_grid_square_5x5_detours,
          minmay_the_grid_square_5x5_inner_z,
          minmay_the_grid_square_5x5_megaprize_hollow,
          minmay_the_grid_square_5x5_inner_i,
          minmay_the_grid_square_5x5_moneybag, minmay_the_grid_square_5x5_bite,
          minmay_the_grid_square_5x5_seven], layout_loops_cross,
          lemuel_crystal_altar, uniq_psyche
D:9:      layout_irregular_city, grunt_lair_entry_orc_guard_hut,
          nzn_ghost_randoct
D:10:     layout_long_grid, orc_0_dummy, special_room [special_room_orc],
          skrybe_limestone_x
D:11:     layout_basic, minmay_fractal_squares_gapless_5
D:12:     layout_gridville, dk_noncrumbling_2, uniq_sonja, uniq_urug,
          uniq_josephine
Temple:   zaba_magenta_temple
Lair:1:   layout_misc_corridors, portal_ice_cave_entry_pillars_1,
          gauntlet_entry_generic, nicolae_volcano_entry_lava_flow,
          dreamdust_gnoll_shepherd, grunt_megastairs_3, serial_bayou_shore_b,
          uniq_amaemon

Skill      XL: |  1  2  3  4  5  6  7  8  9 10 11 |
---------------+----------------------------------+-----
Axes           | 4 5 6 8 9 |  9.0
Fighting       | 4 5 6 8 9 10 11 | 11.4
Invocations    | 3 4 6 |  6.4
Armour         | 3 5 6 |  6.9
Dodging        | 2 4 6 |  6.6
Maces & Flails | 3 5 |  5.7

Action                     |  1- 3 |  4- 6 |  7- 9 | 10-12 || total
---------------------------+-------+-------+-------+-------++-------
  Melee: Hand axe          |    62 |    75 |   231 |    12 ||   380
         Mace              |    46 |    53 |       |       ||    99
         Flail             |       |    43 |   161 |       ||   204
         Morningstar       |       |       |    67 |   347 ||   414
         War axe           |       |       |       |   321 ||   321
  Throw: Throwing net      |       |     1 |     2 |     1 ||     4
         Javelin           |       |       |       |     2 ||     2
 Invoke: Heroism           |       |       |       |     5 ||     5
    Use: Scroll            |       |     1 |    11 |    12 ||    24
         Potion            |       |       |     3 |     3 ||     6
   Stab: Paralysed         |     1 |       |       |       ||     1
         Sleeping          |     2 |       |     1 |       ||     3
         Confused          |       |     2 |       |       ||     2
         Held in net/web   |       |     3 |       |       ||     3
 Armour: Leather armour    |    37 |    66 |   214 |   199 ||   516
         Skin              |       |       |     4 |       ||     4
         Acid dragon scale |       |       |       |   142 ||   142
  Dodge: Dodged            |    51 |    42 |   156 |   336 ||   585

Table legend: (Time is in decaauts)
 A = Elapsed time spent in this place.
 B = Non-inter-level travel time spent in this place.
 C = Inter-level travel time spent in this place.
 D = Time resting spent in this place.
 E = Time spent auto-exploring this place.
 F = Levels seen in this place.
 G = Mean time per level.
                   A        B        C        D        E       F      G
               +--------+--------+--------+--------+--------+-----+--------+
         Total |  14612 |  13981 |    631 |   2188 |   9028 |  15 |  974.1 |
       Dungeon |  13875 |  13258 |    617 |   2188 |   8550 |  12 | 1156.2 |
        Temple |     30 |     16 |     14 |      0 |      0 |   1 |   30.0 |
          Lair |    178 |    178 |      0 |      0 |    142 |   1 |  178.0 |
       Ossuary |    527 |    527 |      0 |      0 |    336 |   1 |  527.0 |
               +--------+--------+--------+--------+--------+-----+--------+

Top non-repeatable levels by time:
     D:6: 2197 daAuts
     D:7: 2027 daAuts
    D:11: 1692 daAuts
     D:4: 1594 daAuts
     D:8: 1142 daAuts
     D:5: 1111 daAuts
    D:10: 1099 daAuts
     D:3: 927 daAuts
     D:9: 850 daAuts
     D:1: 744 daAuts
 Ossuary: 527 daAuts
     D:2: 484 daAuts
  Lair:1: 178 daAuts
  Temple: 30 daAuts
    D:12: 4 daAuts
